 Dungeon Crawl Stone Soup version 0.29.1-12-g30fa7ad0bf (webtiles) character file.

Game seed: 17181122295811286398

189423 Thrasha the Warrior (level 17, -28/166 HPs)
             Began as a Minotaur Fighter on Dec 10, 2022.
             Was a Priest of Okawaru.
             Annihilated by a spriggan defender simulacrum (38 damage)
             ... on level 15 of the Dungeon on Dec 14, 2022.
             The game lasted 06:19:23 (33259 turns).

Thrasha the Warrior (Minotaur Fighter)             Turns: 33259, Time: 06:19:23

Health: -28/166    AC: 30    Str: 30    XL:     17   Next: 94%
Magic:  18/22      EV:  8    Int:  7    God:    Okawaru [***...]
Gold:   2107       SH:  8    Dex: 17    Spells: 16/16 levels left

rFire   + . .      SeeInvis .   a - +9 broad axe (vamp)
rCold   . . .      Faith    +   c - +0 buckler
rNeg    + . .      Spirit   .   S - +3 plate armour "Ygeacotu" {rCorr Dex+5 Stlth-}
rPois   +          Reflect  .   Z - +2 hat
rElec   .          Harm     .   Q - +0 cloak
rCorr   +          Rampage  +   X - +2 pair of gloves {infuse}
Will    ++++.                   H - +2 pair of boots {rampage}
Stlth   ..........              K - amulet of faith
HPRegen 0.37/turn               v - ring of positive energy
MPRegen 0.18/turn               n - ring of Yvvic {rPois rF+ Will+++ Str+5 Stlth-}

@: invisible
A: horns 2, retaliatory headbutt
a: Renounce Religion, Heroism


You were on level 15 of the Dungeon.
You worshipped Okawaru.
Okawaru was most pleased with you.
You visited 3 branches of the dungeon, and saw 21 of its levels.

You collected 2107 gold pieces.

Inventory:

Hand Weapons
 a - a +9 vampiric broad axe (weapon)
 r - the +7 mace of Dismemberment {freeze, rElec rC+ rN+}
   (You found it on level 13 of the Dungeon)

   It freezes those it strikes, dealing additional cold damage.
   It can also slow down cold-blooded creatures.
   rC:        It protects you from cold.
   rElec:     It insulates you from electricity.
   rN:        It protects you from negative energy.
Missiles
 l - 5 curare-tipped darts
 q - 15 atropa-tipped darts
 x - 2 silver javelins
 F - 7 javelins
 G - 12 boomerangs (quivered)
Armour
 c - a +0 buckler (worn)
 H - a +2 pair of boots of rampaging (worn)
 Q - a +0 cloak (worn)
 S - the +3 plate armour "Ygeacotu" (worn) {rCorr Dex+5 Stlth-}
   (Okawaru gifted it to you on level 1 of the Lair of Beasts)

   Dex:       It affects your dexterity (+5).
   rCorr:     It protects you from acid and corrosion.
   Stlth:     It makes you less stealthy.
 W - the +1 cloak "Zyzeqees" {+Inv rC- Will+++ Dex-2}
   (Okawaru gifted it to you on level 5 of the Lair of Beasts)

   Dex:       It affects your dexterity (-2).
   rC:        It makes you vulnerable to cold.
   +Inv:      It lets you turn invisible.
   Will:      It greatly increases your willpower.
 X - a +2 pair of gloves of infusion (worn)
 Z - a +2 hat (worn)
Jewellery
 n - the ring of Yvvic (right hand) {rPois rF+ Will+++ Str+5 Stlth-}
   (You acquired it on level 8 of the Dungeon)

   [ring of protection from fire]

   Str:       It affects your strength (+5).
   rF:        It protects you from fire.
   rPois:     It protects you from poison.
   Will:      It greatly increases your willpower.
   Stlth:     It makes you less stealthy.
 s - a +6 ring of strength
 v - a ring of positive energy (left hand)
 y - an amulet of regeneration
 D - a ring of flight
 I - the ring "Innemog" {Fire rCorr Str+3 SInv Stlth+}
   (You found it on level 1 of the Lair of Beasts)

   [ring of fire]

   It enhances your fire magic.
   Str:       It affects your strength (+3).
   rF:        It protects you from fire.
   rC:        It makes you vulnerable to cold.
   SInv:      It lets you see invisible.
   rCorr:     It protects you from acid and corrosion.
   Stlth:     It makes you more stealthy.
 K - an amulet of faith (around neck)
 T - a +6 ring of intelligence
Wands
 j - a wand of roots (19)
 J - a wand of acid (3)
 L - a wand of polymorph (11)
 N - a wand of flame (72)
 Y - a wand of mindburst (10)
Scrolls
 e - 10 scrolls of teleportation
 f - 6 scrolls of vulnerability
 g - 4 scrolls of enchant armour
 h - 3 scrolls of magic mapping
 m - 5 scrolls of fear
 o - 3 scrolls of immolation
 A - 2 scrolls of silence
 B - a scroll of enchant weapon
 R - 4 scrolls of blinking
Potions
 d - 3 potions of might
 i - 3 potions of resistance
 k - 4 potions of heal wounds
 p - 6 potions of curing
 t - 6 potions of mutation
 u - a potion of magic
 w - a potion of invisibility
 z - 2 potions of berserk rage
 C - 2 potions of haste
 M - 5 potions of lignification
 O - a potion of cancellation
Miscellaneous
 P - a condenser vane


   Skills:
 + Level 18.3 Fighting
 - Level 18.0 Axes
 * Level 0.1(11.7) Maces & Flails
 * Level 8.5 Throwing
 + Level 15.2 Armour
 + Level 14.9 Shields
 - Level 8.0 Invocations


You had 16 spell levels left.
You didn't know any spells.
Your spell library contained the following spells:

 Spells                   Type           Power      Damage    Failure   Level
 Foxfire                  Conj/Fire      0%         2x1d4     96%         1
 Necrotise                Necr           0%         1d4       96%         1
 Slow                     Hex            0%         N/A       96%         1
 Blink                    Tloc           0%         N/A       99%         2
 Sublimation of Blood     Necr           0%         N/A       99%         2
 Confusing Touch          Hex            0%         N/A       100%        3
 Conjure Flame            Conj/Fire      0%         6-21      100%        3
 Inner Flame              Hex/Fire       0%         N/A       100%        3
 Ozocubu's Armour         Ice            0%         N/A       100%        3
 Vampiric Draining        Necr           0%         2d6       100%        3
 Flame Wave               Conj/Fire      0%         2d4       100%        4
 Petrify                  Tmut/Erth      0%         N/A       100%        4
 Agony                    Necr           0%         N/A       100%        5
 Blade Hands              Tmut           0%         N/A       100%        5
 Freezing Cloud           Conj/Ice/Air   0%         6-21      100%        5
 Irradiate                Conj/Tmut      0%         3d11      100%        5
 Manifold Assault         Tloc           0%         N/A       100%        5
 Iron Shot                Conj/Erth      0%         9d1       100%        6
 Ozocubu's Refrigeration  Ice            0%         4d7       100%        7
 Storm Form               Tmut/Air       0%         N/A       100%        7
 Polar Vortex             Ice            0%         N/A       100%        9
 Summon Small Mammal      Summ           Unusable   N/A       N/A         1
 Call Canine Familiar     Summ           Unusable   N/A       N/A         3
 Summon Guardian Golem    Hex/Summ       Unusable   N/A       N/A         3
 Animate Armour           Summ/Erth      Unusable   N/A       N/A         4
 Simulacrum               Ice/Necr       Unusable   N/A       N/A         6

Dungeon Overview and Level Annotations

Branches:
Dungeon (15/15)            Temple (1/1) D:5            Lair (5/5) D:8
  Swamp (0/4) Lair:3       Spider (0/4) Lair:2        Slime (0/5) Lair:5
    Orc (0/2) D:9          Vaults (0/5) D:13
 Depths: D:15

Altars:
Ashenzari
Cheibriados
Dithmenos
Elyvilon
Fedhas
Gozag
Hepliaklqana
Kikubaaqudgha
Makhleb
Nemelex Xobeh
Okawaru
Qazlal
Ru
Sif Muna
Trog
Uskayaw
Vehumet
Wu Jian
Xom
Yredelemnul
Zin
The Shining One
Jiyva

Shops:
D:1 :   D:10 (

Portals:
Ice
Cave: D:15


Innate Abilities, Weirdness & Mutations

You have a pair of horns on your head.
You reflexively headbutt those who attack you in melee.


Message History

The spriggan defender simulacrum hits you.
The spriggan defender simulacrum freezes you!!
The dire elephant simulacrum tramples you!
* * * LOW HITPOINT WARNING * * *
You stumble backwards!
You stop ascending the stairs.
The deep troll simulacrum barely misses you. x3
Save game and exit?
You feel a wave of frost pass over you.
There is an entrance to an ice cave on this level.
Hurry and find it before the portal melts!
Welcome back, Thrasha the Minotaur Fighter.
Okawaru says: Bring me glory in combat!
Press ? for a list of commands and other information.
Unknown command.
Read: 6 scrolls of fear
Press: ? - help, Q - select action, (/) - cycle Dir - look around, f - activate Look: a dire elephant simulacrum (not susceptible)
As you read the scroll of fear, it crumbles to dust.
You assume a fearsome visage.
The spriggan defender simulacrum is unaffected.
The dire elephant simulacrum is unaffected.
The minotaur simulacrum is unaffected.
The spriggan defender simulacrum is unaffected.
The spriggan defender simulacrum is unaffected.
The deep troll simulacrum is unaffected.
The white ugly thing looks frightened! x3
The spriggan defender simulacrum hits you!
* * * LOW HITPOINT WARNING * * *
The spriggan defender simulacrum freezes you!!
* * * LOW HITPOINT WARNING * * *
The dire elephant simulacrum tramples you but does no damage.
You block the dire elephant simulacrum's attack.
You fade into invisibility!
You block the spriggan defender simulacrum's attack.
You block the deep troll simulacrum's attack.
The deep troll simulacrum claws you but does no damage.
The deep troll simulacrum barely misses you.
The spriggan defender simulacrum hits you.
* * * LOW HITPOINT WARNING * * *
The spriggan defender simulacrum freezes you!!!
You die...

......#...#....
......#........
...............
...u..........#
...uu..........
...........∩...
.......ZZ......
......ZZZ......
.......@Z#.....
...$.....# ...
.........# #
#.....####
#..... #.....
#..... #....


You could see 3 ugly things, a dire elephant simulacrum (unable to see you), 3
spriggan defender simulacra, a minotaur simulacrum (unable to see you) and a
deep troll simulacrum (unable to see you).

Vanquished Creatures
  Kirke (D:14)
  An ironbound preserver (D:13)
  A dire elephant (Lair:5)
  A fire dragon (Lair:5)
  Josephine (D:14)
  An ice dragon (Lair:1)
  The ghost of kalagan the Thaumaturge, a journeyman DECj of Sif Muna (Lair:4)
  A rakshasa (D:14)
  12 hydras
  4 boulder beetles
  3 catoblepae
  5 two-headed ogres
  5 centaur warriors (D:13)
  12 death yaks
  A tengu warrior (D:14)
  Erica (D:10)
  Sonja (Lair:1)
  The ghost of cirn0 the Thaumaturge, a novice DECj of Vehumet (D:10)
  The ghost of kalagan the Thaumaturge, a novice DECj of Sif Muna (Lair:1)
  A bog body (Lair:1)
  A wizard (D:14)
  3 lindwurms (Lair:5)
  Pikel (D:6)
  2 ugly things
  A deep elf pyromancer (D:14)
  3 cyclopes
  5 manticores
  12 elephants
  8 black mambas
  6 torpor snails (Lair:5)
  An ice statue (Lair:1)
  Maggie (D:9)
  9 cane toads
  3 gargoyles
  An unseen horror (D:13)
  4 unseen horror zombies (D:9)
  8 komodo dragons
  11 rime drakes
  A tengu conjurer (D:13)
  3 polar bears
  7 hornets (Lair:5)
  7 trolls
  The ghost of Descartes the Ducker, a novice SpWn of Gozag (D:5)
  3 tyrant leeches (Lair:5)
  7 slime creatures
  A blink frog (shapeshifter) (D:13)
  28 blink frogs
  A raiju (shapeshifter) (D:14)
  5 dream sheep (Lair:5)
  Sigmund (D:2)
  5 shadows
  4 basilisks
  7 wraiths
  2 wyverns
  4 steam dragons
  6 hogs (D:14)
  A minotaur simulacrum (D:15)
  75 yaks
  2 vampire mosquitoes (D:13)
  2 acid dragons
  A harpy simulacrum (Lair:1)
  22 water moccasins
  Duvessa (D:7)
  4 orc warriors
  A black bear (D:8)
  2 ice beasts (D:5)
  4 sky beasts
  An ogre (D:7)
  A black mamba simulacrum (Lair:1)
  6 wolves
  3 centaurs
  3 lemures (D:6)
  2 phantoms
  2 kobold brigands
  11 bullfrogs
  4 gnoll sergeants (D:7)
  A necrophage (D:7)
  8 scorpions
  A cane toad simulacrum (Lair:1)
  Dowan (D:7)
  5 wights (D:9)
  7 killer bees
  6 howler monkeys
  A lindwurm simulacrum (D:15)
  2 electric eels
  2 komodo dragon simulacra (Lair:1)
  4 centaur zombies (D:9)
  A jelly (D:6)
  8 orc priests
  A water moccasin simulacrum (Lair:1)
  12 hounds
  4 gnoll boudas
  3 iguanas
  3 hell rats
  9 orc wizards
  2 basilisk simulacra (Lair:1)
  A howler monkey zombie (D:9)
  12 adders
  30 gnolls
  5 river rats
  6 white imps
  3 ufetubi
  3 worms
  4 dart slugs
  35 orcs
  9 ball pythons
  2 endoplasms
  6 giant cockroaches
  6 goblins
  6 hobgoblins
  10 jackals
  6 quokkas
  7 bats
  4 frilled lizards
  14 kobolds
  8 rats
  A toadstool (D:2)
635 creatures vanquished.

Vanquished Creatures (others)
  27 fungi
  42 plants
  3 toadstools (D:2)
  8 withered plants (D:9)
80 creatures vanquished.

Grand Total: 715 creatures vanquished

Notes
Turn   | Place    | Note
-------+----------+-------------------------------------------
     0 | D:1      | Thrasha the Minotaur Fighter began the quest for the Orb.
     0 | D:1      | Reached XP level 1. HP: 19/19 MP: 0/0
   330 | D:1      | Found a faded altar of an unknown god.
   341 | D:1      | Reached XP level 2. HP: 27/27 MP: 1/1
   345 | D:1      | Found Qaopaom's Book Shoppe.
  1269 | D:2      | Reached XP level 3. HP: 33/33 MP: 2/2
  1975 | D:2      | Reached XP level 4. HP: 35/40 MP: 3/3
  2088 | D:2      | Noticed Sigmund
  2153 | D:2      | Killed Sigmund
  2154 | D:2      | Reached skill level 5 in Axes
  2154 | D:2      | Reached XP level 5. HP: 47/47 MP: 4/4
  2156 | D:2      | Upgraded the game from 0.29.1-4-g47bece8355 to
                  | 0.29.1-12-g30fa7ad0bf
  2950 | D:3      | Reached XP level 6. HP: 55/55 MP: 5/5
  3203 | D:3      | Found a white marble altar of Elyvilon.
  3203 | D:3      | Found an iron altar of Okawaru.
  3287 | D:3      | Became a worshipper of Warmaster Okawaru
  6138 | D:4      | Found a bloodstained altar of Trog.
  6376 | D:4      | Reached XP level 7. HP: 60/60 MP: 6/6
  6423 | D:5      | Entered Level 5 of the Dungeon
  6687 | D:5      | Reached * piety under Okawaru
  6842 | D:5      | Reached skill level 1 in Invocations
  6922 | D:5      | Found a staircase to the Ecumenical Temple.
  7089 | D:5      | Found a runed translucent door.
  7090 | D:5      | Noticed Descartes's ghost (novice SpWn)
  7178 | D:5      | Found a basalt altar of Yredelemnul.
  7193 | D:5      | Reached XP level 8. HP: 67/67 MP: 8/8
  7220 | D:5      | Found a runed translucent door.
  7419 | Temple   | Entered the Ecumenical Temple
  7545 | D:6      | Found a stormy altar of Qazlal.
  7573 | D:6      | Reached skill level 5 in Fighting
  7573 | D:6      | Reached skill level 5 in Shields
  7575 | D:6      | Reached skill level 5 in Armour
  7584 | D:6      | Found a burning altar of Makhleb.
  8577 | D:6      | Found a shimmering altar of Xom.
  9705 | D:7      | Noticed Pikel
  9831 | D:6      | Killed Pikel
  9831 | D:6      | Reached ** piety under Okawaru
  9832 | D:6      | Reached skill level 10 in Axes
  9832 | D:6      | Reached XP level 9. HP: 63/75 MP: 10/10
 10585 | D:7      | Identified the +0 sling of Osozelyre {venom, rN+}
 10708 | D:7      | Noticed Duvessa
 10710 | D:7      | Noticed Dowan
 10717 | D:7      | Killed Duvessa
 10719 | D:7      | Killed Dowan
 10961 | D:7      | Found an ancient bone altar of Kikubaaqudgha.
 11042 | D:7      | Reached *** piety under Okawaru
 11627 | D:7      | Found an opulent altar of Gozag.
 12046 | D:8      | Found a staircase to the Lair.
 12046 | D:8      | Noticed a death yak
 12068 | D:8      | Killed a death yak
 12069 | D:8      | Reached skill level 5 in Invocations
 12069 | D:8      | Reached XP level 10. HP: 34/86 MP: 10/12
 12074 | D:8      | Noticed a death yak
 12083 | D:7      | Reached **** piety under Okawaru
 12397 | D:7      | Killed a death yak
 12398 | D:7      | Reached skill level 1 in Throwing
 12586 | D:8      | Noticed a death yak
 12608 | D:7      | Killed a death yak
 13485 | D:8      | Found a snail-covered altar of Cheibriados.
 14095 | D:8      | Identified 2 scrolls of acquirement
 14095 | D:8      | Acquired the ring of Yvvic {rPois rF+ Will+++ Str+5 Stlth-}
 14412 | D:9      | Reached ***** piety under Okawaru
 14498 | D:9      | Noticed a manticore
 14689 | D:9      | Killed a manticore
 14906 | D:9      | Noticed Maggie
 14920 | D:9      | Killed Maggie
 14920 | D:9      | Received a gift from Okawaru
 14937 | D:9      | Reached XP level 11. HP: 77/95 MP: 7/13
 15020 | D:9      | Received a gift from Okawaru
 15390 | D:9      | Noticed a two-headed ogre
 15399 | D:9      | Killed a two-headed ogre
 15809 | D:9      | Found a staircase to the Orcish Mines.
 16180 | D:9      | Acquired a +6 vampiric broad axe
 16217 | D:10     | Entered Level 10 of the Dungeon
 16260 | D:10     | Noticed a two-headed ogre
 16265 | D:10     | Killed a two-headed ogre
 16448 | D:10     | Found Ahulocs's Weapon Shop.
 16483 | D:10     | Noticed cirn0's ghost (novice DECj)
 16486 | D:10     | Found a runed translucent door.
 16750 | D:10     | Noticed Erica
 16770 | D:10     | Killed Erica
 17045 | D:10     | Found a glowing golden altar of the Shining One.
 17358 | D:10     | Received a gift from Okawaru
 17685 | D:10     | Reached skill level 10 in Armour
 18531 | D:5      | Killed Descartes's ghost
 18535 | D:5      | Reached skill level 5 in Throwing
 18731 | D:10     | Noticed a two-headed ogre
 18745 | D:10     | Killed a two-headed ogre
 18953 | D:10     | Killed cirn0's ghost
 18954 | D:10     | Reached XP level 12. HP: 101/106 MP: 3/14
 19206 | D:11     | Noticed a six-headed hydra
 19211 | D:11     | Killed a three-headed hydra
 19212 | D:11     | Reached skill level 10 in Fighting
 19212 | D:11     | Reached skill level 15 in Axes
 19245 | D:11     | Noticed a two-headed ogre
 19270 | D:11     | Noticed a two-headed ogre
 19273 | D:11     | Killed a two-headed ogre
 19274 | D:11     | Reached skill level 10 in Shields
 19280 | D:11     | Killed a two-headed ogre
 20042 | D:11     | Reached ****** piety under Okawaru
 20045 | D:11     | Received a gift from Okawaru
 20409 | Lair:1   | Entered Level 1 of the Lair of Beasts
 20425 | Lair:1   | Noticed a catoblepas
 20495 | Lair:1   | You fall into a shaft and drop 1 floor!
 20718 | Lair:1   | Noticed an ice dragon
 20719 | Lair:1   | Noticed kalagan's ghost (novice DECj)
 21122 | Lair:1   | Found a runed translucent gate.
 21122 | Lair:1   | Found a runed translucent gate.
 21122 | Lair:1   | Found a runed translucent gate.
 21188 | Lair:1   | Killed a catoblepas
 21221 | Lair:1   | Noticed an eight-headed hydra
 21231 | Lair:1   | Killed a six-headed hydra
 21394 | Lair:1   | Noticed Sonja
 21407 | Lair:1   | Killed Sonja
 21408 | Lair:1   | Reached XP level 13. HP: 113/115 MP: 7/17
 21489 | Lair:1   | Identified the +3 plate armour "Ygeacotu" {rCorr Dex+5
                  | Stlth-} (Okawaru gifted it to you on level 1 of the Lair of
                  | Beasts)
 21489 | Lair:1   | Received a gift from Okawaru
 21762 | Lair:1   | Reached XP level 14. HP: 125/125 MP: 18/18
 22323 | Lair:1   | Killed kalagan's ghost
 22524 | Lair:1   | Got the ring "Innemog" {Fire rCorr Str+3 SInv Stlth+}
 22849 | Lair:2   | Found a hole to the Spider Nest.
 24079 | Lair:3   | Found a staircase to the Swamp.
 24208 | Lair:3   | Received a gift from Okawaru
 24376 | Lair:3   | Identified the +5 flail "Harusk" {freeze, rCorr Dex+4}
 24413 | Lair:3   | Received a gift from Okawaru
 24427 | Lair:3   | Received a gift from Okawaru
 24435 | Lair:3   | Received a gift from Okawaru
 25061 | Lair:4   | Received a gift from Okawaru
 25534 | Lair:4   | Found a runed translucent gate.
 25534 | Lair:4   | Found a runed translucent gate.
 25534 | Lair:4   | Found a runed translucent gate.
 25537 | Lair:4   | Noticed kalagan's ghost (journeyman DECj)
 26016 | Lair:4   | Reached XP level 15. HP: 134/136 MP: 15/20
 26573 | Lair:4   | Killed kalagan's ghost
 26901 | Lair:5   | Entered Level 5 of the Lair of Beasts
 27632 | Lair:5   | Found a viscous altar of Jiyva.
 27636 | Lair:5   | Found a staircase to the Slime Pits.
 28107 | Lair:5   | Identified the +1 cloak "Zyzeqees" {+Inv rC- Will+++ Dex-2}
                  | (Okawaru gifted it to you on level 5 of the Lair of Beasts)
 28107 | Lair:5   | Received a gift from Okawaru
 28533 | Lair:5   | Reached XP level 16. HP: 151/151 MP: 21/21
 28534 | Lair:5   | Reached XP level 17. HP: 161/161 MP: 22/22
 29145 | Lair:5   | Found a runed translucent door.
 30069 | D:12     | Identified the +7 hand axe "Spiderbane" {vorpal, rElec
                  | Stlth+}
 31005 | D:13     | Found a gate to the Vaults.
 31073 | D:13     | Received a gift from Okawaru
 31227 | D:13     | Identified the +7 mace of Dismemberment {freeze, rElec rC+
                  | rN+}
 32112 | D:14     | Reached skill level 15 in Armour
 32208 | D:14     | Noticed Kirke
 32219 | D:14     | Killed Kirke
 32355 | D:14     | Noticed Josephine
 32375 | D:14     | Killed Josephine
 33251 | D:15     | Entered Level 15 of the Dungeon
 33251 | D:15     | Found a frozen archway.
 33259 | D:15     | Annihilated by a spriggan defender simulacrum

Illustrated notes

Levels and vault maps discovered:
D:1:      heliophobic_arrival_enchanted_forest, layout_loops_corners,
          serial_shops, nicolae_shop_temple_entry_statues_fountains,
          ebering_ecumenical_altar_ruins
D:2:      minmay_chambers_of_twos, layout_basic, minmay_gold_behind_fungi,
          minmay_quadrilaterals, uniq_sigmund
D:3:      layout_basic, gammafunk_temple_overflow_statue,
          kennysheep_generic_room_11
D:4:      layout_basic, kennysheep_mini_moat
D:5:      layout_basic, mainiacjoe_overflow_catwalk,
          minmay_temple_entry_antechambers, ebering_ghost_sewer_f
D:6:      layout_basic, kennysheep_mini, mainiacjoe_overflow_big_doors,
          chequers_big_river, grunt_decor_one_mirror
D:7:      layout_cave_pools, old_standard_altar,
          nicolae_gozag_cash_rules_everything_around_me, serial_gnoll_camp,
          gnoll_camp_mini_basic, gnoll_camp_huts_basic,
          gnoll_camp_mini_doghouse, gnoll_camp_medium_01, uniq_duvessa,
          uniq_pikel
D:8:      black_bear_nest_2, layout_basic, mainiacjoe_overflow_chevrons,
          dpeg_lair_monsters
D:9:      hangedman_cross_stitches, layout_gridville, serial_undead,
          serial_undead_c, serial_undead_b, serial_undead_b, serial_undead_d,
          serial_undead_c, serial_undead_e, serial_undead_c, serial_undead_a,
          uniq_maggie
D:10:     layout_stronghold, nicolae_tso_swordbearing_angel,
          hellmonk_ghost_happy_afterlife, hangedman_abyss_or_decor_passed,
          nicolae_take_the_stairs, hangedman_misty_isle, uniq_erica
D:11:     layout_layer_cave
D:12:     layout_roguey
D:13:     layout_roguey, skrybe_vaults_entry_preservation, chequers_avenue
D:14:     layout_irregular_city, minmay_misc_feat_alley, uniq_josephine,
          uniq_kirke
D:15:     grunt_enter_depths_snipers, layout_stronghold, bloody_makhleb,
          portal_ice_cave_entry_ice_simulacra
Temple:   nicolae_temple_ecumenical_triangle
Lair:1:   dreamdust_isle_of_ice, layout_hall_layers, gammafunk_ghost_icy,
          bh_autumn_forest_stairs, serial_bayou_shore_b, uniq_sonja
Lair:2:   layout_gridlike, nicolae_spider_entry_non_spiders, grunt_megastairs_2
Lair:3:   layout_hall_layers, minmay_swamp_entry_reptiles, serial_bayou_ford_a,
          grunt_megastairs_4
Lair:4:   layout_loops_ring, gammafunk_ghost_hydra_chop,
          cheibrodos_lair_reptile_den
Lair:5:   hangedman_lair_in_review, layout_regular_city, wormcave, slime_entry_1

Skill      XL: |  1  2  3  4  5  6  7  8  9 10 11 12 13 14 15 16 17 |
---------------+----------------------------------------------------+-----
Axes           | 3 5 7 9 10 11 13 14 16 17 18 | 18.0
Shields        | 4 6 7 8 9 11 13 14 | 14.9
Fighting       | 4 6 7 8 9 11 13 16 17 18 | 18.3
Armour         | 4 6 7 8 10 11 12 13 14 15 | 15.2
Invocations    | 2 3 5 6 7 8 |  8.0
Throwing       | 3 5 6 7 8 |  8.5
Maces & Flails | |  0.1

Action                   |  1- 3 |  4- 6 |  7- 9 | 10-12 | 13-15 | 16-18 || total
-------------------------+-------+-------+-------+-------+-------+-------++-------
Melee: War axe           |   101 |   131 |   334 |   234 |    21 |    16 ||   837
       Headbutt          |     9 |    20 |    70 |    88 |   111 |    87 ||   385
       Broad axe         |       |       |       |   208 |   453 |   270 ||   931
       Mace              |       |       |       |       |       |    11 ||    11
Throw: Stone             |     7 |    24 |    13 |       |       |       ||    44
       Dart              |       |    14 |    13 |       |       |       ||    27
       Boomerang         |       |     3 |     6 |   118 |     9 |    26 ||   162
Invok: Heroism           |       |       |     5 |    10 |     2 |     2 ||    19
       Finesse           |       |       |       |     6 |     3 |     2 ||    11
Evoke: Wand              |       |       |     1 |     4 |     6 |       ||    11
       Condenser vane    |       |       |       |       |       |     1 ||     1
  Use: Potion            |       |     5 |     1 |     1 |     2 |     2 ||    11
       Scroll            |       |    11 |     8 |     5 |     9 |     4 ||    37
 Stab: Petrified         |       |       |       |       |     5 |       ||     5
       Petrifying        |       |       |       |       |     2 |       ||     2
       Confused          |       |       |       |       |       |     2 ||     2
Armor: Scale mail        |     7 |       |       |       |       |       ||     7
       Chain mail        |    44 |    73 |   143 |    62 |       |       ||   322
       Skin              |       |     1 |       |       |       |       ||     1
       Plate armour      |       |       |       |    99 |   245 |   118 ||   462
Dodge: Dodged            |    21 |    45 |    76 |    84 |   116 |    53 ||   395
Block: Buckler           |    19 |    31 |    58 |    97 |   127 |    86 ||   418
